 Dungeon Crawl Stone Soup version 0.22.0-75-g3901e79 (webtiles) character file.

9338 PaladinM the Carver (level 11, -19/83 HPs)
             Began as a Human Fighter on Sept 11, 2018.
             Was a Priest of the Shining One.
             Demolished by a death yak (23 damage)
             ... on level 8 of the Dungeon.
             The game lasted 00:47:53 (9235 turns).

PaladinM the Carver (Human Fighter)                 Turns: 9235, Time: 00:47:54

Health: -19/83     AC: 14    Str: 18    XL:     11   Next: 72%
Magic:  11/11      EV: 10    Int:  9    God:    the Shining One [***...]
Gold:   415        SH:  9    Dex: 16    Spells: 10/10 levels left

rFire    + . .     SeeInvis .   H - +0 long sword (slice)
rCold    . . .     Gourm    .   c - +0 shield
rNeg     + . .     Faith    .   n - +3 scale mail {rF+}
rPois    .         Spirit   .   (no helmet)
rElec    .         Reflect  .   F - +1 cloak
rCorr    +         Harm     .   d - +0 pair of gloves
MR       .....                  (no boots)
Stlth    ..........             s - amulet of regeneration
HPRegen  0.63/turn              p - +2 ring of dexterity
MPRegen  0.12/turn              I - ring of resist corrosion

@: about to teleport, very slightly contaminated, glowing
A: no striking features
a: Divine Shield, Renounce Religion


You were on level 8 of the Dungeon.
You worshipped the Shining One.
The Shining One was most pleased with you.
You were hungry.

You visited 2 branches of the dungeon, and saw 10 of its levels.
You also visited: Sewer and Bailey.

You collected 415 gold pieces.

Inventory:

Hand Weapons
 j - a +2 short sword of speed
 D - a +2 hand axe of flaming
 H - a +0 long sword of slicing (weapon)
Missiles
 J - 30 tomahawks of returning (quivered)
Armour
 c - a +0 shield (worn)
 d - a +0 pair of gloves (worn)
 n - a +3 scale mail of fire resistance (worn)
 o - a +0 plate armour
 v - a +1 scale mail of poison resistance
 F - a +1 cloak (worn)
Jewellery
 p - a +2 ring of dexterity (left hand)
 s - an amulet of regeneration (around neck)
 I - a ring of resist corrosion (right hand)
Wands
 q - a wand of flame (30)
 r - a wand of disintegration (14)
 y - a wand of acid (5)
Scrolls
 a - a scroll of magic mapping
 b - a scroll of enchant armour {unknown}
 g - 3 scrolls of amnesia
 i - 2 scrolls of remove curse
 k - 2 scrolls of enchant weapon {unknown}
 l - a scroll of immolation {unknown}
 u - a scroll of teleportation
 x - a scroll of fear
 B - a scroll of brand weapon
 E - 2 scrolls of fog {unknown}
 G - a scroll of acquirement {unknown}
Potions
 h - 6 potions of flight
 t - 4 potions of curing
 w - 4 potions of degeneration
 z - a potion of magic
 A - a potion of mutation
 C - a potion of cancellation
 L - a potion of haste {unknown}
Miscellaneous
 K - a phantom mirror
Comestibles
 f - 25 rations


   Skills:
 + Level 6.7 Fighting
 - Level 14.3 Long Blades
 - Level 6.6 Armour
 - Level 4.0 Dodging
 - Level 3.0 Shields


You had 10 spell levels left.
You didn't know any spells.
Your spell library contained the following spells:

 Spells                   Type           Power        Failure   Level  Hunger
 Animate Skeleton         Necr           N/A          99%         1    ##.....
 Pain                     Necr           #...         99%         1    ##.....
 Regeneration             Chrm/Necr      #.........   100%        3    ####...
 Vampiric Draining        Necr           #.........   100%        3    ####...
 Animate Dead             Necr           N/A          100%        4    #####..


Dungeon Overview and Level Annotations

Branches:
Dungeon (9/15)             Temple (1/1) D:5            Lair (0/6) D:9
    Orc: D:9-12

Altars:
Ashenzari
Cheibriados
Dithmenos
Elyvilon
Fedhas
Gozag
Hepliaklqana
Kikubaaqudgha
Makhleb
Nemelex Xobeh
Okawaru
Qazlal
Ru
Sif Muna
Trog
Uskayaw
Vehumet
Xom
Yredelemnul
Zin
The Shining One

Annotations:
D:6 3 runed doors, Anon1729's ghost, novice NaGl; Jaiteiro's ghost, novice GrFi; bli's ghost, novice DrEE


Message History

The death yak is almost dead.
You block the crimson imp's attack.
You hit the death yak but do no damage.
The death yak is almost dead.
The death yak gores you.
* * * LOW HITPOINT WARNING * * *
You block the crimson imp's attack.
You hit the death yak but do no damage.
The death yak is almost dead.
The death yak gores you!
* * * LOW HITPOINT WARNING * * *
The crimson imp misses you.
Okay, then.
As you read the scroll of fear, it crumbles to dust.
You assume a fearsome visage.
The crimson imp is unaffected.
The death yak resists with some effort.
You block the death yak's attack.
The crimson imp blinks!
As you read the scroll of teleportation, it crumbles to dust.
You feel strangely unstable. The death yak gores you!!
You die...

..........#
#########.#
#.########
#........#
########5# ######
#.# .....# #.#
####.######### #.#
####.##......# #@#
..[.....####.###Y#
####.#### #.##..#
#.# #.##.##
#.#######.##.#
#.......#.##.#
#######.#.##.#
#.#....# #
#.###..#


You could see a death yak and a crimson imp.

Vanquished Creatures
  3 death yaks (D:8)
  2 orc knights (Bailey)
  Grinder (D:3)
  Sigmund (D:3)
  13 yaks
  A wyvern (D:8)
  Eustachio (D:5)
  Menkaure (D:6)
  A hungry ghost (D:8)
  A water moccasin (D:4)
  3 sky beasts
  A black bear (D:5)
  2 orc warriors
  3 phantoms
  5 centaurs
  2 ogres
  2 big kobolds (Sewer)
  2 gnoll sergeants
  3 bullfrogs
  A scorpion (D:5)
  A water moccasin zombie (D:5)
  3 killer bees (D:8)
  4 wights (D:8)
  3 howler monkeys (D:8)
  3 crimson imps
  A quasit (D:9)
  3 hounds
  2 jellies
  Crazy Yiuf (D:6)
  A centaur zombie (D:6)
  5 orc priests
  6 orc wizards
  A bullfrog skeleton (D:5)
  Terence (D:3)
  5 iguanas
  8 worker ants
  2 killer bee zombies
  A hound skeleton (D:4)
  9 gnolls
  12 adders
  3 shadow imps
  3 oozes
  An adder skeleton (D:4)
  2 worms
  A dart slug (D:1)
  8 leopard geckos
  19 orcs
  3 ball pythons
  3 bats
  6 giant cockroaches
  8 goblins
  6 hobgoblins
  3 jackals (D:5)
  3 quokkas
  5 frilled lizards
  A jackal skeleton (D:6)
  23 kobolds
  A leopard gecko skeleton (D:5)
  A leopard gecko zombie (D:7)
  A quokka skeleton (D:8)
  7 rats
229 creatures vanquished.

Vanquished Creatures (others)
  3 withered plants (D:6)
3 creatures vanquished.

Grand Total: 232 creatures vanquished

Notes
Turn   | Place    | Note
-------+----------+-------------------------------------------
     0 | D:1      | PaladinM the Human Fighter began the quest for the Orb.
     0 | D:1      | Reached XP level 1. HP: 18/18 MP: 1/1
   198 | D:1      | Reached XP level 2. HP: 16/24 MP: 2/2
   230 | D:1      | Reached skill level 3 in Long Blades
   264 | D:1      | Reached XP level 3. HP: 18/29 MP: 3/3
  1048 | D:2      | Noticed an angel
  1049 | D:2      | Found a glowing silver altar of Zin.
  1049 | D:2      | Found a shimmering altar of Xom.
  1103 | D:2      | Reached skill level 4 in Long Blades
  1103 | D:2      | Reached XP level 4. HP: 27/35 MP: 4/4
  1114 | D:2      | Found a deep blue altar of Sif Muna.
  1115 | D:2      | Found an iron altar of Okawaru.
  1544 | D:3      | Noticed Sigmund
  1679 | D:3      | Killed Sigmund
  1679 | D:3      | Reached skill level 6 in Long Blades
  1679 | D:3      | Reached XP level 5. HP: 19/41 MP: 5/5
  1679 | D:3      | Reached XP level 6. HP: 21/47 MP: 6/6
  1811 | D:3      | Noticed Grinder
  1813 | D:3      | Paralysed by Grinder for 2 turns
  1827 | D:3      | Killed Grinder
  1827 | D:3      | Reached skill level 7 in Long Blades
  1827 | D:3      | Reached XP level 7. HP: 35/52 MP: 7/7
  1869 | D:3      | Found a bloodstained altar of Trog.
  1869 | D:3      | Noticed Terence
  1905 | D:4      | Found a shattered altar of Ashenzari.
  2040 | D:4      | Noticed a water moccasin
  2059 | D:4      | HP: 3/78 [water moccasin (1)]
  2063 | D:4      | Killed a water moccasin
  2063 | D:4      | Reached skill level 8 in Long Blades
  2945 | D:3      | Killed Terence
  3087 | D:5      | Entered Level 5 of the Dungeon
  3108 | D:5      | Reached XP level 8. HP: 58/58 MP: 8/8
  3134 | D:5      | Found a glowing drain.
  3165 | Sewer    | Entered a sewer
  3407 | Sewer    | Reached skill level 9 in Long Blades
  3745 | D:5      | Noticed Eustachio
  3776 | D:5      | Killed Eustachio
  3776 | D:5      | Reached skill level 10 in Long Blades
  3888 | D:5      | Found a staircase to the Ecumenical Temple.
  3947 | Temple   | Entered the Ecumenical Temple
  3981 | Temple   | Became a worshipper of the Shining One
  4218 | D:4      | Reached XP level 9. HP: 25/63 MP: 9/9
  4585 | D:5      | Reached skill level 11 in Long Blades
  5263 | D:6      | Found a runed door.
  5267 | D:6      | Noticed Crazy Yiuf
  5273 | D:6      | Killed Crazy Yiuf
  5344 | D:6      | Found a runed gate.
  5345 | D:6      | Found a runed gate.
  5346 | D:6      | Found a runed gate.
  5348 | D:6      | Noticed Anon1729's ghost (novice NaGl)
  5348 | D:6      | Noticed bli's ghost (novice DrEE)
  5349 | D:6      | Noticed Jaiteiro's ghost (novice GrFi)
  5394 | D:6      | Noticed Menkaure
  5400 | D:6      | Killed Menkaure
  5400 | D:6      | Reached * piety under the Shining One
  5853 | D:6      | Reached skill level 5 in Fighting
  5853 | D:6      | Reached skill level 5 in Armour
  6778 | D:8      | Reached XP level 10. HP: 69/75 MP: 10/10
  6798 | D:8      | Reached ** piety under the Shining One
  7575 | D:9      | Noticed a death yak
  7582 | D:9      | Noticed a death yak
  7584 | D:9      | Noticed a death yak
  7605 | D:8      | Killed a death yak
  7605 | D:8      | Reached skill level 12 in Long Blades
  7742 | D:9      | Reached *** piety under the Shining One
  7825 | D:9      | Reached skill level 13 in Long Blades
  7825 | D:9      | Reached XP level 11. HP: 25/83 MP: 11/11
  7894 | D:9      | Found a flagged portal.
  7906 | Bailey   | Entered a bailey
  7949 | Bailey   | Noticed an orc knight
  7987 | Bailey   | Killed an orc knight
  8111 | Bailey   | Noticed an orc knight
  8140 | Bailey   | Killed an orc knight
  8237 | Bailey   | Found an iron altar of Okawaru.
  8251 | Bailey   | Got a slimy shield
  8262 | Bailey   | Identified the cursed -4 shield of Amorality {rN++} (You
                  | found it in a bailey)
  8533 | D:9      | Reached skill level 1 in Dodging
  8557 | D:9      | Found a staircase to the Lair.
  8558 | D:9      | Noticed a death yak
  8592 | D:8      | Killed a death yak
  8592 | D:8      | Reached skill level 14 in Long Blades
  8659 | D:9      | Noticed a death yak
  8783 | D:8      | Killed a death yak
  9190 | D:8      | HP: 4/83 [death yak (19)]
  9232 | D:8      | HP: 2/83 [death yak (16)]
  9235 | D:8      | Demolished by a death yak

Skill      XL: |  1  2  3  4  5  6  7  8  9 10 11 |
---------------+----------------------------------+-----
Long Blades    | 3 4 6 7 8 10 11 13 14 | 14.3
Fighting       | 5 6 |  6.7
Armour         | 5 6 |  6.6
Dodging        | 4 |  4.0
Shields        | |  3.0

Action                   |  1- 3 |  4- 6 |  7- 9 | 10-12 || total
-------------------------+-------+-------+-------+-------++-------
Melee: Long sword        |    97 |    24 |   650 |   455 ||  1226
       Short sword       |    15 |    40 |       |       ||    55
  Use: Potion            |       |     1 |     3 |     7 ||    11
       Scroll            |       |     1 |     7 |    13 ||    21
  Eat: Chunk             |       |     2 |    15 |     3 ||    20
       Ration            |       |       |     1 |     2 ||     3
Armor: Scale mail        |    20 |       |       |    35 ||    55
       Chain mail        |    38 |    11 |       |       ||    49
       Plate armour      |       |    19 |   386 |   169 ||   574
       Skin              |       |       |     7 |    18 ||    25
Dodge: Dodged            |    32 |     3 |    63 |    78 ||   176
Block: Shield            |    53 |    19 |   283 |   228 ||   583
       Rpst.: Long sword |    10 |     1 |    20 |    18 ||    49
